 Dungeon Crawl Stone Soup version 0.29.0-4-gdea44cf6ec (webtiles) character file.

Game seed: 9917474475753400662

93 qw the Chopper (level 4, 0/26 HPs)
             Began as a Tengu Warper on Aug 28, 2022.
             Slain by an orc wizard
             ... wielding a +0 dagger
              (3 damage)
             ... on level 2 of the Dungeon.
             The game lasted 00:00:14 (2884 turns).

qw the Chopper (Tengu Warper)                       Turns: 2884, Time: 00:00:15

Health: 0/26       AC:  8    Str: 14    XL:     4   Next: 61%
Magic:  8/8        EV:  6    Int: 13    God:
Gold:   113        SH:  4    Dex: 13    Spells: 7/7 levels left

rFire   . . .      SeeInvis .   Y - +0 hand axe (protect)
rCold   . . .      Faith    .   i - +0 buckler
rNeg    . . .      Spirit   .   c - +0 chain mail
rPois   .          Reflect  .   (helmet restricted)
rElec   .          Harm     .   (no cloak)
rCorr   .          Rampage  .   (no gloves)
Will    .....                   (boots unavailable)
Stlth   ..........              (no amulet)
HPRegen 0.08/turn               (no ring)
MPRegen 0.11/turn               (no ring)

@: no status effects
A: beak, talons 3
a: no special abilities


You were on level 2 of the Dungeon.
You visited 1 branch of the dungeon, and saw 3 of its levels.

You collected 113 gold pieces.


Innate Abilities, Weirdness & Mutations

You have a beak for a mouth.
You have claws for feet.


   Skills:
 - Level 2.0 Fighting
 + Level 4.9 Axes
 - Level 1.0 Throwing
 - Level 1.1 Armour
 - Level 2.1 Dodging
 - Level 1.0 Shields
 - Level 2.0 Spellcasting
 - Level 2.4 Translocations


You had 7 spell levels left.
You didn't know any spells.
Your spell library contained the following spells:

 Spells                   Type           Power      Damage    Failure   Level
 Blink                    Tloc           14%        N/A       99%         2
 Gell's Gravitas          Tloc           7%         N/A       100%        3
 Lesser Beckoning         Tloc           7%         N/A       100%        3
 Teleport Other           Tloc           7%         N/A       100%        3
 Manifold Assault         Tloc           7%         N/A       100%        5

Inventory:

Hand Weapons
 b - a +0 morningstar
 Y - a +0 hand axe of protection (weapon)
Missiles
 a - 3 boomerangs of dispersal (quivered)
Armour
 c - a +0 chain mail (worn)
 i - a +0 buckler (worn)
Scrolls
 g - a scroll of identify
Potions
 f - a potion of cancellation

Dungeon Overview and Level Annotations

Branches:
Dungeon (3/15)

Altars:

Shops:
D:2 :


Message History

Something tries to affect you, but you resist.
You hit something.
Your weapon exudes an aura of protection.
Your peck misses something. Something hits you but does no damage.
You miss something. Your kick misses something.
Something hits you but does no damage.
You hit something. Your kick misses something.
Something hits you but does no damage.
You hit something but do no damage. Your kick misses something.
You block something's attack.
You miss something. Your kick misses something. Your peck misses something.
Something hits you but does no damage.
You hit something. Your peck misses something. Something completely misses you.
You hit something but do no damage. Something hits you but does no damage.
You closely miss something. You peck something.
Something hits you but does no damage.
You closely miss something. Your peck misses something. Something hits you.
Something hits you but does no damage.
You barely miss something. Your kick misses something.
Something hits you but does no damage.
You miss something.
You hear some strange, mumbled words.
Something tries to affect you, but you resist.
You closely miss something. Your kick misses something.
Your peck misses something. Something hits you but does no damage.
You miss something. Something hits you but does no damage.
You closely miss something.
You hear some strange, mumbled words.
A magic dart appears from out of thin air!
The magic dart hits you!
You miss something. Something hits you.
You miss something. Your kick misses something. You peck something.
Something hits you.
You die...

####### ### ###### #.....# #.#
#..... #.....# #.# #.....
#.....####.# #.....
#.........[# #..%..
#..........############ #..###
######.......#[@%.....# #..# #
####..#..#.#{).####.#####..###
##.##..#..#.#..................
#......#..#.#......#.#####.....
##.##..#....##....##.## #....#
#.##...........#.....## #.....
#..........###.####...# #..._#
#.##..##.#.###.####.#.# ######
##.##..##.#..........#.###


There were no monsters in sight!

Vanquished Creatures
  An orc wizard (D:3)
  An adder (D:1)
  A worm (D:2)
  A dart slug (D:1)
  3 orcs (D:2)
  7 ball pythons
  7 endoplasms
  A giant cockroach (D:2)
  3 goblins
  6 hobgoblins (D:1)
  2 jackals (D:1)
  A kobold (D:1)
  2 quokkas
  6 bats
  3 frilled lizards
45 creatures vanquished.

Vanquished Creatures (others)
  6 plants (D:1)
6 creatures vanquished.

Grand Total: 51 creatures vanquished

Notes
Turn   | Place    | Note
-------+----------+-------------------------------------------
     0 | D:1      | qw the Tengu Warper began the quest for the Orb.
     0 | D:1      | Reached XP level 1. HP: 12/12 MP: 4/4
     0 | D:1      | 0 ||| qw: Version: 0.1-a-89-g26bdef1
     0 | D:1      | 0 ||| qw: Game counter: 1562
     0 | D:1      | 0 ||| qw: Always use a shield: true
     0 | D:1      | 0 ||| qw: God list: Okawaru
     0 | D:1      | 0 ||| qw: Allow faded altars: false
     0 | D:1      | 0 ||| qw: Do Orc after D:15 true
     0 | D:1      | 0 ||| qw: Do second Lair branch before Depths: true
     0 | D:1      | 0 ||| qw: Lair rune preference: random
     0 | D:1      | 0 ||| qw: Plans: Normal
     0 | D:1      | 0 ||| PLANNING D:1-11
   162 | D:1      | Reached skill level 3 in Axes
   162 | D:1      | Reached XP level 2. HP: 16/17 MP: 6/6
   545 | D:1      | Reached XP level 3. HP: 15/21 MP: 7/7
   864 | D:1      | 864 ||| Stepping ~*~*~tactically~*~*~ (stealth).
   876 | D:1      | Reached skill level 4 in Axes
  1333 | D:1      | 1333 ||| UPGRADING to +0 buckler.
  1338 | D:1      | 1338 ||| DROPPING +1 robe of the Archmagi.
  1339 | D:1      | 1339 ||| READING scroll labelled TASEUST TEVAXT.
  1440 | D:1      | 1440 ||| READING scroll labelled YGIOXASEPT.
  1441 | D:1      | 1441 ||| READING scroll labelled HOEFUR MESU.
  1442 | D:1      | 1442 ||| DROPPING scroll of blinking.
  1474 | D:2      | 1474 ||| STAIRDANCE
  1647 | D:2      | Reached skill level 1 in Shields
  1808 | D:2      | Found Tuefemm's Book Emporium.
  1829 | D:2      | 1829 ||| Stepping ~*~*~tactically~*~*~ (stealth).
  1831 | D:2      | 1831 ||| Stepping ~*~*~tactically~*~*~ (stealth).
  1960 | D:2      | Found a faded altar of an unknown god.
  2015 | D:2      | 2015 ||| Stepping ~*~*~tactically~*~*~ (stealth).
  2379 | D:2      | Reached XP level 4. HP: 26/26 MP: 8/8
  2602 | D:2      | 2602 ||| UPGRADING to +0 chain mail.
  2612 | D:2      | 2612 ||| DROPPING +0 leather armour.
  2613 | D:2      | 2613 ||| READING scroll labelled FIALEGU JADGHAD.
  2756 | D:2      | 2756 ||| READING scroll labelled MIMEGI KOKKU.
  2757 | D:2      | 2757 ||| READING scroll labelled ASOLIF XYEF.
  2762 | D:2      | 2762 ||| READING scroll labelled XEKHLI QUICHAON.
  2763 | D:2      | 2763 ||| READING scroll labelled REINAI NASHRI.
  2764 | D:2      | 2764 ||| READING scroll labelled DEPHEE IJAHA.
  2765 | D:2      | 2765 ||| READING 2 scrolls of identify.
  2765 | D:2      | 2765 ||| IDENTIFYING fizzy coppery potion
  2810 | D:3      | 2810 ||| STAIRDANCE
  2817 | D:3      | 2817 ||| STAIRDANCE
  2831 | D:3      | 2831 ||| STAIRDANCE
  2838 | D:3      | 2838 ||| STAIRDANCE
  2843 | D:2      | 2843 ||| DROPPING +0 mace.
  2854 | D:3      | 2854 ||| Stepping ~*~*~tactically~*~*~ (hiding).
  2856 | D:3      | 2856 ||| Stepping ~*~*~tactically~*~*~ (hiding).
  2863 | D:3      | 2863 ||| STAIRDANCE
  2882 | D:2      | HP: 5/26 [something/magic dart (9)]
  2883 | D:2      | HP: 2/26 [something (3)]
  2884 | D:2      | Slain by an orc wizard

Levels and vault maps discovered:
D:1:      sevenhm_arrival_forest_fort_small_3, layout_rooms, serial_forest,
          infiniplex_forest_lined_corner, infiniplex_forest_clump_curved,
          infiniplex_forest_clump_double, infiniplex_forest_lined_1,
          infiniplex_forest_lined_room_, infiniplex_forest_side_room,
          infiniplex_forest_3_way, infiniplex_forest_end_double,
          minmay_strange_pillars
D:2:      layout_basic, serial_shops, shop, serial_aquarium,
          aquarium_bridge_straight [aquarium_subvault_bridge,
          aquarium_subvault_wall, aquarium_subvault_bridge,
          aquarium_subvault_wall], aquarium_window_3, aquarium_window_2,
          aquarium_view_2e, aquarium_balcony_1b, aquarium_pool_split,
          basic_ecumenical_altar
D:3:      kennysheep_goblin_castle, layout_basic, marbit_many_paths

Skill      XL: |  1  2  3 |
---------------+----------+-----
Axes           | 3 4 |  4.9
Shields        | 1 |  1.0
Fighting       | |  2.0
Throwing       | |  1.0
Armour         | |  1.1
Dodging        | |  2.1
Spellcasting   | |  2.0
Translocations | |  2.4

Action                   |  1- 3 |  4- 6 || total
-------------------------+-------+-------++-------
Melee: Hand axe          |    83 |    40 ||   123
       Kick              |    21 |    10 ||    31
       Peck              |     8 |     7 ||    15
Throw: Boomerang         |     7 |       ||     7
  Use: Scroll            |     3 |     7 ||    10
Armor: Leather armour    |    23 |       ||    23
       Chain mail        |       |    25 ||    25
Dodge: Dodged            |    60 |     9 ||    69
Block: Buckler           |     2 |     7 ||     9

Table legend:
 A = Non-vault XP
 B = Vault XP
 C = Vault XP percentage of total XP
 D = Non-vault monster count
 E = Vault monster count
 F = Vault count percentage of total count
                 A         B        C        D         E       F
            +---------+---------+-------+---------+---------+-------
      Total |     133 |       0 |   0.0 |      45 |       0 |   0.0
            +---------+---------+-------+---------+---------+-------
        D:1 |      65 |       0 |   0.0 |      28 |       0 |   0.0
        D:2 |      33 |       0 |   0.0 |      16 |       0 |   0.0
        D:3 |      35 |       0 |   0.0 |       1 |       0 |   0.0
            +---------+---------+-------+---------+---------+-------
